 Dungeon Crawl Stone Soup version 0.26-a0-64-g059e62f (webtiles) character file.

Game seed: 5455092696189320557

1513 Faca the Slinger (level 9, -6/62 HPs)
             Began as a Halfling Hunter on June 10, 2020.
             Was an Initiate of Okawaru.
             Mangled by a troll (11 damage)
             ... on level 7 of the Dungeon.
             The game lasted 00:15:31 (9241 turns).

Faca the Slinger (Halfling Hunter)                  Turns: 9241, Time: 00:15:31

Health: -6/62      AC:  9    Str: 16    XL:     9   Next: 9%
Magic:  9/9        EV: 12    Int:  9    God:    Okawaru [......]
Gold:   322        SH:  0    Dex: 15    Spells: 8/8 levels left

rFire    + . .     SeeInvis .   e - +0 rapier
rCold    . . .     Gourm    .   (shield restricted)
rNeg     . . .     Faith    .   l - +0 scale mail
rPois    .         Spirit   .   r - +1 helmet (curse)
rElec    .         Reflect  .   (no cloak)
rCorr    +         Harm     .   j - +0 pair of gloves
MR       .....                  (no boots)
Stlth    ..........             (no amulet)
HPRegen  0.20/turn              h - ring of protection from fire
MPRegen  0.11/turn              g - ring of resist corrosion

@: about to teleport, contaminated, glowing
A: small, mutation resistance 1
a: Renounce Religion


You were on level 7 of the Dungeon.
You worshipped Okawaru.
Okawaru was noncommittal.
You were hungry.

You visited 2 branches of the dungeon, and saw 8 of its levels.
You also visited: Sewer.

You collected 322 gold pieces.

Inventory:

Hand Weapons
 a - a +2 hunting sling
 e - a +0 rapier (weapon)
Missiles
 c - 125 stones (quivered)
 d - 84 sling bullets
 t - a throwing net
Armour
 j - a +0 pair of gloves (worn)
 l - a +0 scale mail (worn)
 r - a cursed +1 helmet (worn)
Jewellery
 g - a ring of resist corrosion (right hand)
 h - a ring of protection from fire (left hand)
Wands
 b - a wand of random effects (6)
Scrolls
 i - a scroll of identify
 k - a scroll of fog
 o - 4 scrolls of remove curse
 s - a scroll of teleportation
Potions
 m - a potion of lignification
 n - 2 potions of curing
 p - a potion of flight
 q - a potion of heal wounds
Comestibles
 f - 9 rations


   Skills:
 + Level 6.0 Fighting
 + Level 6.8 Short Blades
 + Level 10.6 Slings
 - Level 2.1 Dodging
 - Level 1.1 Stealth


You had 8 spell levels left.
You didn't know any spells.
Your spell library contained the following spells:

 Spells                   Type           Power        Failure   Level  Hunger
 Corona                   Hex            #......      83%         1    ##.....
 Ensorcelled Hibernation  Hex/Ice        #.....       93%         2    ###....
 Confusing Touch          Hex            #.......     99%         3    ####...
 Dazzling Flash           Conj/Hex       #.....       99%         3    ####...
 Tukima's Dance           Hex            #.......     99%         3    ####...


Dungeon Overview and Level Annotations

Branches:
Dungeon (7/15)             Temple (1/1) D:6           Sewer (visited)

Altars:
Ashenzari
Cheibriados
Dithmenos
Gozag
Hepliaklqana
Kikubaaqudgha
Makhleb
Nemelex Xobeh
Okawaru
Qazlal
Ru
Sif Muna
Trog
Uskayaw
Vehumet
Zin
The Shining One

Shops:
D:7 [


Innate Abilities, Weirdness & Mutations

You are small and have problems with some larger weapons.
You are somewhat resistant to further mutation.


Message History

The troll is moderately wounded.
The wyvern skeleton bites you. The troll bites you. The troll claws you.
* * * LOW HITPOINT WARNING * * *
The troll claws you.
* * * LOW HITPOINT WARNING * * *
You feel much better. The wyvern skeleton misses you.
The troll bites you but does no damage. The troll claws you!
The troll claws you.
You barely miss the troll.
The troll is lightly wounded.
The wyvern skeleton bites you. The troll bites you but does no damage.
The troll claws you. The troll misses you. The wyvern skeleton bites you.
* * * LOW HITPOINT WARNING * * *
As you read the scroll of teleportation, it crumbles to dust.
You feel strangely unstable. The wyvern skeleton bites you!
* * * LOW HITPOINT WARNING * * *
The troll bites you.
* * * LOW HITPOINT WARNING * * *
The troll claws you!
You die...

#..........#......#.....
#..........#.....##.....
#..........#.....##.....
#..........#.....##....^
+......[...#............
#..........#............
...........#............
...........#............
.......@...#......#.....
.......TZ..#......######
.......(...#.....##
#.>....(...#......#
#......(...#......#
#..........#......#
#......(...#......#
#.$....(...####...#
##∩#####


You could see a troll and a wyvern skeleton.

Vanquished Creatures
  Menkaure (D:6)
  Duvessa (D:4)
  A phantom (D:7)
  Blork the orc (D:4)
  3 bullfrogs
  4 big kobolds (Sewer)
  A wyvern zombie (D:7)
  Dowan (D:4)
  A howler monkey (D:4)
  A hound (D:5)
  A jelly (D:6)
  An iguana (D:6)
  Ijyb (D:4)
  2 orc wizards (D:3)
  A worker ant (D:5)
  A killer bee zombie (D:5)
  Robin (D:2)
  A howler monkey zombie (D:7)
  2 worker ant zombies
  4 gnolls
  7 adders
  2 river rats (Sewer)
  A shadow imp (D:6)
  2 oozes (Sewer)
  An adder skeleton (D:5)
  3 worms
  3 dart slugs
  6 leopard geckos
  3 orcs (D:3)
  5 giant cockroaches
  16 goblins
  14 hobgoblins
  7 jackals
  3 quokkas (D:3)
  4 ball pythons (Sewer)
  A ball python zombie (D:6)
  10 bats
  7 frilled lizards
  12 kobolds
  2 leopard gecko zombies
  2 quokka zombies
  12 rats
153 creatures vanquished.

Notes
Turn   | Place    | Note
-------+----------+-------------------------------------------
     0 | D:1      | Faca the Halfling Hunter began the quest for the Orb.
     0 | D:1      | Reached XP level 1. HP: 14/14 MP: 1/1
    48 | D:1      | Reached skill level 6 in Slings
   217 | D:1      | Reached XP level 2. HP: 19/19 MP: 2/2
   691 | D:1      | Reached XP level 3. HP: 17/25 MP: 3/3
  1657 | D:2      | Reached XP level 4. HP: 16/30 MP: 4/4
  1665 | D:1      | Reached skill level 7 in Slings
  1917 | D:2      | Reached skill level 1 in Short Blades
  2179 | D:2      | Noticed Robin
  2321 | D:2      | Killed Robin
  2321 | D:2      | Reached XP level 5. HP: 24/36 MP: 5/5
  2749 | D:2      | Found a glowing silver altar of Zin.
  3087 | D:2      | Found a shadowy altar of Dithmenos.
  3895 | D:3      | Reached XP level 6. HP: 36/42 MP: 6/6
  4519 | D:4      | Noticed Blork the orc
  4534 | D:4      | Killed Blork the orc
  4534 | D:4      | Reached skill level 8 in Slings
  4795 | D:4      | Noticed Ijyb
  4841 | D:4      | Killed Ijyb
  4841 | D:4      | Reached XP level 7. HP: 27/48 MP: 7/7
  4987 | D:4      | Noticed Dowan
  4988 | D:4      | Noticed Duvessa
  5029 | D:4      | Killed Duvessa
  5033 | D:4      | Killed Dowan
  5152 | D:4      | Found an opulent altar of Gozag.
  5713 | D:5      | Entered Level 5 of the Dungeon
  5796 | D:5      | Found a stormy altar of Qazlal.
  5798 | D:5      | Noticed a fire elemental
  5799 | D:5      | Noticed an air elemental
  5799 | D:5      | Noticed a water elemental
  5976 | D:5      | Found a shattered altar of Ashenzari.
  6430 | D:6      | Found a glowing drain.
  6470 | Sewer    | Entered a sewer
  6515 | Sewer    | Reached skill level 9 in Slings
  6781 | Sewer    | Reached skill level 5 in Short Blades
  6781 | Sewer    | Reached XP level 8. HP: 43/54 MP: 8/8
  6928 | Sewer    | Reached skill level 5 in Fighting
  7367 | D:6      | Found a staircase to the Ecumenical Temple.
  7372 | D:6      | Noticed Menkaure
  7441 | D:5      | HP: 2/55 [poisoned by a worker ant]
  7867 | D:6      | Killed Menkaure
  7867 | D:6      | Reached skill level 10 in Slings
  7886 | Temple   | Entered the Ecumenical Temple
  8073 | Temple   | Became a worshipper of Warmaster Okawaru
  8243 | D:6      | Found a shimmering blue altar of Sif Muna.
  8300 | D:6      | Found a glowing golden altar of the Shining One.
  8724 | D:7      | Reached XP level 9. HP: 30/62 MP: 9/9
  9158 | D:7      | Found Johahev's Antique Armour Emporium.
  9191 | D:7      | Got a jewelled chain mail
  9207 | D:7      | Identified the +3 chain mail of Absolutism {*Contam rN+++
                  | Str-4 Int+8} (You found it on level 7 of the Dungeon)
  9221 | D:7      | Noticed a troll
  9241 | D:7      | Mangled by a troll

Illustrated notes

Levels and vault maps discovered:
D:1:      saegor_arrival_simple_a, layout_basic
D:2:      layout_basic, grunt_dithmenos_smoke_and_mirrors, marbit_many_paths,
          uniq_robin
D:3:      layout_basic
D:4:      layout_gridville, grunt_gozag_statues, first_ration, uniq_ijyb,
          uniq_blork_the_orc, uniq_duvessa
D:5:      layout_loops_ring, lemuel_coloured_pillars_altar,
          nicolae_qazlal_style_of_elements
D:6:      layout_loops_ring, kennysheep_little_box, tgw_sif,
          minmay_temple_entry_stoned_glass, portal_sewer_entry_f, uniq_menkaure
D:7:      layout_gridville, lemuel_zombie_altar_yredelemnul, serial_shops,
          nicolae_shop_window_shopping
Temple:   eino_narrow_crystal_temple

Skill      XL: |  1  2  3  4  5  6  7  8  9 |
---------------+----------------------------+-----
Slings         | 6 7 8 9 10 | 10.6
Fighting       | 2 3 4 5 6 |  6.0
Short Blades   | 1 2 3 5 6 |  6.8
Dodging        | |  2.1
Stealth        | |  1.1

Action                   |  1- 3 |  4- 6 |  7- 9 || total
-------------------------+-------+-------+-------++-------
Melee: Short sword       |   116 |   256 |       ||   372
       Unarmed           |       |    33 |       ||    33
       Rapier            |       |       |   416 ||   416
 Fire: Hunting sling     |     6 |    39 |    47 ||    92
  Use: Scroll            |     2 |     8 |     6 ||    16
       Potion            |       |       |     2 ||     2
 Stab: Sleeping          |       |     3 |       ||     3
  Eat: Chunk             |     1 |    12 |     7 ||    20
       Ration            |       |       |     2 ||     2
Armor: Ring mail         |    33 |    66 |       ||    99
       Scale mail        |       |       |   164 ||   164
Dodge: Dodged            |    84 |   153 |   275 ||   512

Table legend:
 A = Non-vault XP
 B = Vault XP
 C = Vault XP percentage of total XP
 D = Non-vault monster count
 E = Vault monster count
 F = Vault count percentage of total count
                 A         B        C        D         E       F
            +---------+---------+-------+---------+---------+-------
      Total |    1134 |    1028 |  47.5 |     103 |      50 |  32.7
            +---------+---------+-------+---------+---------+-------
        D:1 |      53 |       0 |   0.0 |      24 |       0 |   0.0
        D:2 |     125 |      37 |  22.8 |      23 |      12 |  34.3
        D:3 |     131 |       0 |   0.0 |      24 |       0 |   0.0
        D:4 |      75 |     349 |  82.3 |       5 |       4 |  44.4
        D:5 |     222 |       0 |   0.0 |      13 |       0 |   0.0
        D:6 |     190 |     188 |  49.7 |       7 |       6 |  46.2
        D:7 |     338 |       0 |   0.0 |       7 |       0 |   0.0
      Sewer |       0 |     454 | 100.0 |       0 |      28 | 100.0
            +---------+---------+-------+---------+---------+-------
